 Dungeon Crawl Stone Soup version 0.22-a0-231-g1b571ea (webtiles) character file.

315 Amnesiac the Charlatan (level 6, 0/30 HPs)
             Began as a Spriggan Artificer on Feb 20, 2018.
             Slain by an orc
             ... wielding a +0 mace
              (6 damage)
             ... on level 4 of the Dungeon.
             The game lasted 00:08:45 (3271 turns).

Amnesiac the Charlatan (Spriggan Artificer)         Turns: 3271, Time: 00:08:45

Health: 0/30       AC: 11    Str: 10    XL:     6   Next: 19%
Magic:  11/11      EV: 20    Int: 12    God:
Gold:   66         SH:  0    Dex: 17    Spells: 5/5 levels left

rFire    . . .     SeeInvis +   v - +2 flail (protect)
rCold    . . .     Gourm    .   (shield restricted)
rNeg     . . .     Faith    .   b - +0 robe
rPois    .         Spirit   .   (helmet restricted)
rElec    .         Reflect  .   (no cloak)
rCorr    .         Harm     .   (gloves unavailable)
MR       +....                  (boots unavailable)
Stlth    +++.......             (no amulet)
HPRegen  0.10/turn              y - +2 ring of protection
MPRegen  0.12/turn              (no ring)

@: protection aura, very quick
A: very small, unfitting armour, see invisible, herbivore, speed 3, slow
metabolism 2
a: no special abilities


You were on level 4 of the Dungeon.
You were not hungry.

You visited 1 branch of the dungeon, and saw 4 of its levels.

You collected 66 gold pieces.

Inventory:

Hand Weapons
 m - a +2 dagger of holy wrath
 o - a +0 dagger of freezing
 v - a +2 flail of protection (weapon)
Missiles
 g - 114 stones
 l - 24 sling bullets
 w - 2 poisoned tomahawks (quivered)
Armour
 b - a +0 robe (worn)
Jewellery
 y - a +2 ring of protection (left hand)
Wands
 c - a wand of flame (5)
 d - a wand of enslavement (11)
 e - a wand of random effects (5)
Scrolls
 a - a scroll of noise {!r, unknown}
 f - a scroll of fear {!r, unknown}
 h - 2 scrolls of identify {!r, unknown}
 i - 2 scrolls of teleportation {!r, unknown}
 n - 2 scrolls of magic mapping {!r, unknown}
 q - a scroll of enchant armour {!r, unknown}
 r - a scroll of remove curse {!r, unknown}
 s - a scroll of fog {!r, unknown}
Potions
 j - a potion of degeneration {!q, unknown}
 k - a potion of brilliance {!q, unknown}
 p - a potion of lignification {!q}
 t - a potion of heal wounds {!q, unknown}
 u - 2 potions of might {!q, unknown}
Comestibles
 x - 2 rations


   Skills:
 + Level 2.1 Fighting
 + Level 2.7 Short Blades
 + Level 4.7 Dodging
 - Level 4.0 Stealth
 * Level 6.3 Evocations


You had 5 spell levels left.
You didn't know any spells.

Dungeon Overview and Level Annotations

Branches:
Dungeon (4/15)
 Temple: D:4-7

Altars:
Dithmenos
Makhleb
Nemelex Xobeh

Annotations:
D:2 Terence


Innate Abilities, Weirdness & Mutations

You are very small and have problems with some larger weapons.
You are too small for most types of armour.
You have supernaturally acute eyesight. (SInv)
You are a herbivore.
You cover ground extremely quickly.
You need consume almost no food.


Message History

You hit the orc. You freeze the orc.
The orc is severely wounded.
The orc throws a stone.
The stone misses you. The orc closely misses you.
You hit the orc. You freeze the orc.
You kill the orc!
The orc throws a stone.
The stone hits you but does no damage.
You miss the adder. The adder completely misses you.
The orc throws a stone.
The stone hits you but does no damage. The adder bites you but does no damage.
Things that are here:
a scroll labeled QIPSEL CEINOA {!r}; an orc corpse The orc throws a stone.
The stone hits you but does no damage.
You see here a stone.
There is a stone staircase leading up here.
The orc throws a stone.
The stone closely misses you.
You see here a stone.
You swing at nothing.
The orc throws a tomahawk.
The tomahawk hits you.
Press: ? - help, v - describe, . - travel
Here: an adder A stone staircase leading up.
You hit the adder.
The adder seems to slow down.
You freeze the adder.
The adder is severely wounded.
The adder bites you but does no damage.
You hit the adder. You freeze the adder.
The adder is almost dead.
You miss the adder.
The adder is almost dead.
The adder barely misses you.
You miss the adder.
The adder is almost dead.
The adder completely misses you.
You hit the adder. You freeze the adder.
You kill the adder!
The orc throws a stone.
The stone completely misses you.
You hit the orc but do no damage. The orc hits you.
You hit the orc but do no damage. You hit the orc but do no damage.
The orc closely misses you.
You barely miss the orc. The orc misses you.
You hit the orc but do no damage. The orc barely misses you.
You hit the orc. You freeze the orc.
The orc is severely wounded.
The orc closely misses you.
You hit the orc but do no damage.
The orc is severely wounded.
The orc hits you.
* * * LOW HITPOINT WARNING * * *
You hit the orc. You freeze the orc.
You kill the orc!
The orc throws a stone.
The stone barely misses you. The orc hits you but does no damage.
There is a stone staircase leading up here.
Things that are here:
a tomahawk; a ring mail; an adder corpse You barely miss the orc.
Wield which item (- for none, * to show all)? (? for menu, Esc to quit)
Your +0 dagger of freezing stops glowing.
Your +2 flail of protection hums with potential!
v - a +2 flail of protection (weapon)
The orc hits you with a mace!
* * * LOW HITPOINT WARNING * * *
You hit the orc.
Your weapon exudes an aura of protection.
The orc is moderately wounded.
The orc hits you with a mace.
You die...

.. #.##.........
#.#####.##... ..
#.#####.##### ..#
#.......# #.#
#.####### #.# #.#
#.# #.#
######.#######.#
........o@(...(#
#####.(.#####.#
#####?........###
#..)(.....†.....#
#.###...#######.#
#...# #.# #...#
#.# #...# #.#
#...# #.#


You could see an orc.

Vanquished Creatures
  An ogre (D:4)
  A howler monkey (D:4)
  An orc wizard (D:4)
  A worker ant (D:4)
  Robin (D:3)
  4 gnolls
  3 adders
  12 orcs
  2 bats
  3 giant cockroaches
  6 hobgoblins
  4 jackals (D:4)
  A kobold (D:3)
  A quokka (D:3)
  A frilled lizard (D:2)
  8 goblins
  A rat (D:2)
51 creatures vanquished.

Vanquished Creatures (collateral kills)
  4 orcs (D:4)
4 creatures vanquished.

Vanquished Creatures (others)
  A hound (D:4)
  An adder skeleton (D:4)
  8 toadstools (D:2)
10 creatures vanquished.

Grand Total: 65 creatures vanquished

Notes
Turn   | Place    | Note
-------+----------+-------------------------------------------
     0 | D:1      | Amnesiac the Spriggan Artificer began the quest for the Orb.
     0 | D:1      | Reached XP level 1. HP: 9/9 MP: 4/4
    41 | D:1      | Reached skill level 1 in Fighting
    41 | D:1      | Reached XP level 2. HP: 2/14 MP: 6/6
   299 | D:2      | Noticed Terence
   540 | D:3      | Noticed Robin
  1040 | D:2      | Reached XP level 3. HP: 12/18 MP: 7/7
  1096 | D:3      | Killed Robin
  1096 | D:3      | Reached skill level 5 in Evocations
  1250 | D:3      | Found a burning altar of Makhleb.
  1251 | D:3      | Found a shadowy altar of Dithmenos.
  1254 | D:3      | Found a sparkling altar of Nemelex Xobeh.
  1448 | D:3      | Noticed a scorpion
  1513 | D:3      | Reached XP level 4. HP: 5/22 MP: 9/9
  2598 | D:4      | Noticed an ogre
  2616 | D:4      | Killed an ogre
  2616 | D:4      | Reached XP level 5. HP: 25/26 MP: 10/10
  2861 | D:4      | Reached skill level 6 in Evocations
  3228 | D:4      | Reached XP level 6. HP: 24/30 MP: 11/11
  3271 | D:4      | Slain by an orc

Vault maps used:
D:1:      dpeg_arrival_pond
D:2:      cheibrodos_fertilizer, first_ration, uniq_terence
D:3:      grunt_temple_overflow_diamond, uniq_robin

Skill      XL: |  1  2  3  4  5 |
---------------+----------------+-----
Fighting       | 1 2 |  2.1
Evocations     | 5 6 |  6.3
Dodging        | 4 |  4.7
Short Blades   | 2 |  2.7
Stealth        | 3 4 |  4.0

Action                   |  1- 3 |  4- 6 || total
-------------------------+-------+-------++-------
Melee: Short sword       |    16 |       ||    16
       Dagger            |   128 |   135 ||   263
       Flail             |       |     1 ||     1
Throw: Tomahawk          |       |     8 ||     8
       Stone             |       |     2 ||     2
Evoke: Wand              |    13 |    11 ||    24
  Use: Potion            |     1 |       ||     1
 Stab: Sleeping          |     2 |     2 ||     4
       Confused          |       |     2 ||     2
  Eat: Ration            |       |     2 ||     2
Armor: Robe              |    11 |    12 ||    23
       Skin              |    34 |     2 ||    36
Dodge: Dodged            |   106 |   113 ||   219

Table legend:
 A = Spawn XP
 B = Non-spawn XP
 C = Spawn XP percentage of total XP
 D = Spawn monster count
 E = Non-spawn monster count
 F = Spawn count percentage of total count
 G = Total turns spent on level
                    A         B        C        D         E        F      G
               +---------+---------+-------+---------+---------+-------+---------
         Total |       0 |     450 |   0.0 |       0 |      56 |   0.0 |  3271
               +---------+---------+-------+---------+---------+-------+---------
           D:1 |       0 |      17 |   0.0 |       0 |       3 |   0.0 |   278
           D:2 |       0 |      19 |   0.0 |       0 |      11 |   0.0 |   686
           D:3 |       0 |      67 |   0.0 |       0 |      18 |   0.0 |  1247
           D:4 |       0 |     347 |   0.0 |       0 |      24 |   0.0 |  1060
               +---------+---------+-------+---------+---------+-------+---------
